 Dungeon Crawl Stone Soup version 0.25-a0-306-g3faca94 (webtiles) character file.

Game seed: 10974185761113892480, levelgen mode: deterministic

45 Birdy the Sneak (level 3, 0/36 HPs)
             Began as an Ogre Assassin on Dec 21, 2019.
             Succumbed to an adder's poison
             ... on level 2 of the Dungeon.
             The game lasted 00:01:16 (731 turns).

Birdy the Sneak (Ogre Assassin)                      Turns: 731, Time: 00:01:17

Health: 0/36       AC:  4    Str: 15    XL:     3   Next: 64%
Magic:  3/3        EV:  6    Int: 12    God:
Gold:   5          SH:  0    Dex: 11    Spells: 2/2 levels left

rFire    . . .     SeeInvis .   a - +2 dagger
rCold    . . .     Gourm    .   (no shield)
rNeg     . . .     Faith    .   b - +0 robe
rPois    .         Spirit   .   (helmet restricted)
rElec    .         Reflect  .   c - +0 cloak
rCorr    .         Harm     .   (gloves unavailable)
MR       .....                  (boots unavailable)
Stlth    ++........             (no amulet)
HPRegen  0.12/turn              j - -3 ring of evasion (curse)
MPRegen  0.08/turn              (no ring)

@: lethally poisoned (0 -> -12)
A: large, unfitting armour, tough skin 1
a: no special abilities


You were on level 2 of the Dungeon.
You were not hungry.

You visited 1 branch of the dungeon, and saw 2 of its levels.

You collected 5 gold pieces.

Inventory:

Hand Weapons
 a - a +2 dagger (weapon)
Missiles
 d - 8 poisoned darts (quivered)
 e - 2 curare-tipped darts
Armour
 b - a +0 robe (worn)
 c - a +0 cloak (worn)
Jewellery
 j - a cursed -3 ring of evasion (left hand)
Scrolls
 g - a scroll of identify {unknown}
Comestibles
 f - a ration


   Skills:
 - Level 2.6 Fighting
 - Level 1.7 Short Blades
 - Level 2.0 Throwing
 - Level 0.8 Dodging
 + Level 4.1 Stealth


You had 2 spell levels left.
You didn't know any spells.
Your spell library was empty.

Dungeon Overview and Level Annotations

Branches:
Dungeon (1/15)

Altars:


Innate Abilities, Weirdness & Mutations

You are too large for most types of armour.
You have tough skin. (AC +1)


Message History

You kill the adder!
* * * LOW HITPOINT WARNING * * *
You feel sick.
* * * LOW HITPOINT WARNING * * *
You feel sick.
* * * LOW HITPOINT WARNING * * *
You feel sick.
Found a stone staircase leading up.
There is a lethal amount of poison in your body!
Okay, then.
You aren't carrying any potions.
Unknown command.
* * * LOW HITPOINT WARNING * * *
You feel sick.
* * * LOW HITPOINT WARNING * * *
You feel sick.
* * * LOW HITPOINT WARNING * * *
You feel sick.
Found a hand axe.
You die...

..#..# # #. .)...###.
#.###. #........ .....
..<....## ... #........
###.###........
##..............
####..#.#..@....... ..
#........##........ ##..
#........##........ .....
#........#####....# .....
##........# #.##.#......
#.........# #.##.#......
#.........#####.##....S...
#..........†...##........
#.........###.....#......


There were no monsters in sight!

Vanquished Creatures
  2 adders (D:2)
  An ooze (D:1)
  A dart slug (D:1)
  2 giant cockroaches (D:1)
  A hobgoblin (D:1)
  4 jackals (D:2)
  2 kobolds (D:1)
  6 bats
  A frilled lizard (D:1)
  2 rats
22 creatures vanquished.

Notes
Turn   | Place    | Note
-------+----------+-------------------------------------------
     0 | D:1      | Birdy the Ogre Assassin began the quest for the Orb.
     0 | D:1      | Reached XP level 1. HP: 22/22 MP: 1/1
     7 | D:1      | Reached skill level 3 in Stealth
   268 | D:1      | Reached XP level 2. HP: 28/29 MP: 2/2
   599 | D:1      | You are sucked into a shaft and drop 1 floor!
   639 | D:2      | Reached XP level 3. HP: 32/36 MP: 3/3
   653 | D:2      | Reached skill level 4 in Stealth
   730 | D:2      | HP: 1/36 [poisoned by an adder]
   731 | D:2      | Succumbed to an adder's poison

Levels and vault maps discovered:
D:1:      dpeg_arrival_prison, layout_loops_ring, minmay_split_cup_large
D:2:      layout_rooms, first_ration, elyvilon_altar_5

Skill      XL: |  1  2  3 |
---------------+----------+-----
Stealth        | 3 4 |  4.1
Fighting       | |  2.6
Short Blades   | |  1.7
Throwing       | |  2.0
Dodging        | |  0.8

Action                   || total
-------------------------++-------
Melee: Dagger            ||    77
  Use: Potion            ||     3
       Scroll            ||     1
 Stab: Sleeping          ||     4
Armor: Robe              ||    32
Dodge: Dodged            ||    50

Table legend:
 A = Non-vault XP
 B = Vault XP
 C = Vault XP percentage of total XP
 D = Non-vault monster count
 E = Vault monster count
 F = Vault count percentage of total count
                 A         B        C        D         E       F
            +---------+---------+-------+---------+---------+-------
      Total |      55 |      10 |  15.4 |      15 |       7 |  31.8
            +---------+---------+-------+---------+---------+-------
        D:1 |      17 |      10 |  37.0 |       6 |       7 |  53.8
        D:2 |      38 |       0 |   0.0 |       9 |       0 |   0.0
            +---------+---------+-------+---------+---------+-------
